 Dungeon Crawl Stone Soup version 0.17.0-15-g6d90897 (webtiles) character file.

758 panicbit the Shield-Bearer (level 7, -7/61 HPs)
             Began as a Minotaur Fighter on Nov 10, 2015.
             Mangled by Sigmund
             ... wielding a +0 scythe
              (11 damage)
             ... on level 2 of the Dungeon.
             The game lasted 00:18:10 (3238 turns).

panicbit the Shield-Bearer (Minotaur Fighter)       Turns: 3238, Time: 00:18:10

Health: -7/61      AC: 10    Str: 26    XL:     7   Next: 50%
Magic:  6/6        EV:  9    Int:  5    God:
Gold:   121        SH: 11    Dex: 11    Spells: 0 memorised, 6 levels left

rFire  . . .     SeeInvis .     a - +0 war axe
rCold  . . .     Clarity  .     b - +0 scale mail
rNeg   + . .     SustAt   .     c - +0 shield
rPois  +         Gourm    .     (helmet restricted)
rElec  .         Spirit   .     m - +0 cloak
rCorr  .         Warding  .     v - +0 pair of gloves
rMut   .         Stasis   .     (no boots)
MR     .....                    (no amulet)
Stlth  ..........               p - ring of poison resistance
                                i - ring of positive energy

@: mighty, not resistant to hostile enchantments, extremely unstealthy
A: retaliatory headbutt, horns 2
a: no special abilities


You were on level 2 of the Dungeon.
You were very hungry.

You visited 1 branch of the dungeon, and saw 4 of its levels.
You also visited: Sewer.

You collected 121 gold pieces.

Inventory:

Hand Weapons
 a - a +0 war axe (weapon)
Armour
 b - a +0 scale mail (worn)
 c - a +0 shield (worn)
 m - a +0 cloak (worn)
 v - a +0 pair of gloves (worn)
Jewellery
 i - a ring of positive energy (left hand)
 p - a ring of poison resistance (right hand)
 x - the amulet of the Four Winds {Clar rN+ MR+++}
   (You found it on level 4 of the Dungeon)

   [amulet of clarity]

   It provides mental clarity.
   It protects you from negative energy.
   It affects your resistance to hostile enchantments.
Scrolls
 h - 3 scrolls of teleportation {unknown}
 j - 3 scrolls of identify {unknown}
 l - 2 scrolls of remove curse {unknown}
 n - 2 scrolls of random uselessness {unknown}
 q - a scroll of enchant weapon {unknown}
 s - a scroll of blinking {unknown}
 t - a scroll of fog {unknown}
 w - 2 scrolls of immolation {unknown}
Potions
 f - a potion of lignification {unknown}
 k - 3 potions of brilliance {unknown}
 o - a potion of ambrosia {unknown}
 r - a potion of poison {unknown}
 u - a potion of invisibility {unknown}
Comestibles
 e - 6 bread rations
 z - a meat ration


   Skills:
 + Level 5.4 Fighting
 + Level 5.3 Axes
 + Level 5.5 Armour
 + Level 3.5 Dodging
 + Level 0.3 Stealth
 + Level 6.1 Shields


You had 6 spell levels left.
You didn't know any spells.

Dungeon Overview and Level Annotations

Branches:
Dungeon (4/15)
 Temple: D:4-7

Altars:

Annotations:
D:2 Sigmund


Innate Abilities, Weirdness & Mutations

You reflexively headbutt those who attack you in melee.
You have a pair of horns on your head.


Message History

* * * LOW HITPOINT WARNING * * *
You hear some strange, mumbled words.
A puff of flame appears from out of thin air!
The puff of flame hits you!
* * * LOW HITPOINT WARNING * * *
You hear some strange, mumbled words.
You are more confused.
You're too confused!
Something hits you.
* * * LOW HITPOINT WARNING * * *
Something hits you.
* * * LOW HITPOINT WARNING * * *
You miss something. Something hits you but does no damage.
Something hits you but does no damage.
You're too confused to move!
You feel less confused.
Drink which item? (? for menu, Esc to quit)
You feel very mighty all of a sudden. Something hits you!
You die...

.# #÷# #.# .# #<# #.# .# ### #.#
## #)# .### ##### ##### #####
#.# ...#####...## ##...##
##...###.#
.....##.÷...###.....###.....##.#
.....#.......#...(...#...(...#.#
.....#.......#..@....#.......#.#
...###...)...#.......#.......#.#
##.#
##.....###.{...###.....##.## #.#
##...## ##...## ##...##.... #.#
####(#######'#######'###..#. #.#
#..........)..............#.
#.###....)..................#.#.
#...............[.............#.
##.#####'#######'#######'##<..#.


There were no monsters in sight!

Vanquished Creatures
  3 phantoms (D:4)
  A crocodile (Sewer)
  An ogre (D:4)
  A hound (D:4)
  Terence (D:2)
  4 worker ants (D:4)
  8 adders
  An ooze (D:4)
  5 worms
  2 giant geckos
  4 orcs
  16 bats
  8 goblins
  14 hobgoblins
  11 kobolds
  4 quokkas
  8 giant cockroaches
  6 giant newts
  12 jackals
  8 rats
118 creatures vanquished.

Notes
Turn   | Place    | Note
--------------------------------------------------------------
     0 | D:1      | panicbit the Minotaur Fighter began the quest for the Orb.
     0 | D:1      | Reached XP level 1. HP: 19/19 MP: 0/0
   179 | D:1      | Reached skill level 4 in Shields
   184 | D:1      | Reached XP level 2. HP: 21/27 MP: 1/1
   654 | D:2      | Reached XP level 3. HP: 33/33 MP: 2/2
   812 | D:2      | Noticed Sigmund
   984 | D:2      | Reached skill level 1 in Dodging
  1043 | D:2      | Reached XP level 4. HP: 30/40 MP: 3/3
  1055 | D:2      | Noticed Terence
  1066 | D:2      | Killed Terence
  1266 | D:2      | Reached skill level 5 in Shields
  1266 | D:2      | Reached XP level 5. HP: 28/46 MP: 4/4
  1789 | D:3      | Found a glowing drain.
  1797 | Sewer    | Entered a sewer
  1867 | Sewer    | Reached XP level 6. HP: 38/53 MP: 5/5
  2100 | D:4      | Reached skill level 5 in Fighting
  2234 | D:4      | Reached skill level 5 in Axes
  2234 | D:4      | Reached skill level 5 in Armour
  2234 | D:4      | Reached XP level 7. HP: 45/61 MP: 6/6
  2541 | D:4      | Reached skill level 6 in Shields
  3231 | D:2      | HP: 3/61 [something (6)]
  3238 | D:2      | Mangled by Sigmund

Action                   |  1- 3 |  4- 6 |  7- 9 || total
-------------------------+-------+-------+-------++-------
Melee: War axe           |   108 |   181 |    56 ||   345
  Use: Potion            |       |       |     1 ||     1
  Eat: Chunk             |     1 |     4 |     2 ||     7
